[ PARTIDA AOE2 · #475665777 ]
1v1 RMMagiares vs Magyars
Equipo del jugador · VICT
Equipo rival · DERR
[ ANÁLISIS DE REPETICIÓN · EXTRAÍDO DE LA PARTIDA GRABADA ]
Feudal
9:10
Castillos
21:12
Imperial
—
| APM promedio | 78.6 |
| APM pico | 124 |
| eAPM promedio | 20.5 |
| Aldeanos / militares | 94 / 47 |
Foco
⚔️ 20.6% · 🌾 79.4%
Knight ×41 · Scout Cavalry ×3 · Militia ×1 · Spearman ×1 · Monk ×1
Feudal
11:05
Castillos
22:32
Imperial
—
| APM promedio | 28.7 |
| APM pico | 53 |
| eAPM promedio | 13.7 |
| Aldeanos / militares | 60 / 44 |
Foco
⚔️ 31.6% · 🌾 68.4%
Spearman ×24 · Cavalry Archer ×9 · Militia ×8 · Monk ×2 · Scout Cavalry ×1
Mapa de la partida
Recursos al inicio + cada clic de construcción. Línea gruesa = muro · recuadro discontinuo = muro de casas detectado. 🟡 oro · ⚪ piedra · 🟢 bayas · 🔶 jabalí · ⭕ reliquia
Inputs por minuto
— panda - - MG
Build order — panda
Primeras 150 de 229 acciones detectadas
| 0:00 | Crear | Villager (Male) |
| 0:01 | Crear | Villager (Male) |
| 0:03 | Construir | House |
| 0:05 | Construir | House |
| 0:27 | Crear | Villager (Male) |
| 0:28 | Crear | Villager (Male) |
| 1:40 | Crear | Villager (Male) |
| 1:40 | Crear | Villager (Male) |
| 1:46 | Construir | Lumber Camp |
| 1:50 | Crear | Villager (Male) |
| 1:50 | Crear | Villager (Male) |
| 2:26 | Crear | Villager (Male) |
| 2:27 | Crear | Villager (Male) |
| 2:58 | Crear | Villager (Male) |
| 2:58 | Crear | Villager (Male) |
| 3:04 | Construir | House |
| 3:08 | Crear | Villager (Male) |
| 3:08 | Crear | Villager (Male) |
| 3:42 | Crear | Villager (Male) |
| 3:42 | Crear | Villager (Male) |
| 4:06 | Crear | Villager (Male) |
| 4:06 | Crear | Villager (Male) |
| 4:16 | Construir | Mill |
| 4:52 | Crear | Villager (Male) |
| 4:52 | Crear | Villager (Male) |
| 4:52 | Crear | Villager (Male) |
| 4:53 | Crear | Villager (Male) |
| 5:30 | Crear | Villager (Male) |
| 5:30 | Crear | Villager (Male) |
| 6:12 | Crear | Villager (Male) |
| 6:12 | Crear | Villager (Male) |
| 6:13 | Crear | Villager (Male) |
| 6:13 | Crear | Villager (Male) |
| 6:28 | Investigar | Loom |
| 7:00 | Investigar | Feudal Age |
| 7:10 | Construir | Barracks |
| 8:10 | Construir | House |
| 8:45 | Crear | Villager (Male) |
| 8:47 | Crear | Villager (Male) |
| 9:10 | Edad | Edad Feudal |
| 9:12 | Construir | Stable |
| 9:12 | Crear | Villager (Male) |
| 9:21 | Investigar | Double-Bit Axe |
| 9:39 | Crear | Villager (Male) |
| 9:53 | Crear | Villager (Male) |
| 10:06 | Crear | Scout Cavalry |
| 10:06 | Crear | Scout Cavalry |
| 10:09 | Construir | House |
| 10:19 | Construir | House |
| 10:22 | Construir | House |
| 10:31 | Construir | House |
| 11:10 | Crear | Militia |
| 11:12 | Crear | Scout Cavalry |
| 11:20 | Construir | Lumber Camp |
| 11:20 | Crear | Villager (Male) |
| 11:27 | Construir | Farm |
| 11:53 | Crear | Villager (Male) |
| 11:56 | Construir | Farm |
| 12:33 | Crear | Villager (Male) |
| 12:36 | Construir | Farm |
| 12:51 | Crear | Villager (Male) |
| 13:13 | Crear | Villager (Male) |
| 13:16 | Construir | Farm |
| 13:20 | Crear | Villager (Male) |
| 13:25 | Construir | Blacksmith |
| 13:30 | Crear | Villager (Male) |
| 13:33 | Construir | Mining Camp |
| 13:37 | Crear | Villager (Male) |
| 13:51 | Crear | Villager (Male) |
| 14:18 | Construir | Farm |
| 14:26 | Construir | Farm |
| 14:27 | Crear | Spearman |
| 14:35 | Construir | Farm |
| 14:41 | Crear | Villager (Male) |
| 15:09 | Crear | Villager (Male) |
| 15:13 | Construir | Farm |
| 15:20 | Construir | Farm |
| 15:20 | Construir | Farm |
| 15:24 | Construir | Market |
| 15:29 | Crear | Villager (Male) |
| 15:35 | Investigar | Horse Collar |
| 15:39 | Construir | Farm |
| 15:41 | Construir | Farm |
| 15:48 | Crear | Villager (Male) |
| 16:14 | Crear | Villager (Male) |
| 16:21 | Crear | Villager (Male) |
| 16:35 | Construir | Farm |
| 16:35 | Construir | Farm |
| 16:36 | Construir | Farm |
| 16:36 | Construir | Farm |
| 16:36 | Construir | Farm |
| 16:36 | Construir | Farm |
| 16:55 | Crear | Villager (Male) |
| 17:30 | Crear | Villager (Male) |
| 17:41 | Construir | House |
| 17:50 | Construir | House |
| 17:55 | Construir | Palisade Wall |
| 18:00 | Crear | Villager (Male) |
| 18:32 | Investigar | Castle Age |
| 18:53 | Crear | Villager (Male) |
| 19:16 | Construir | House |
| 19:43 | Investigar | Gold Mining |
| 19:49 | Construir | Stable |
| 20:32 | Construir | Farm |
| 20:56 | Crear | Villager (Male) |
| 21:04 | Construir | House |
| 21:06 | Construir | House |
| 21:08 | Construir | House |
| 21:12 | Edad | Edad de los Castillos |
| 21:13 | Crear | Knight |
| 21:14 | Crear | Knight |
| 21:14 | Crear | Knight |
| 21:16 | Crear | Villager (Male) |
| 21:19 | Construir | Town Center |
| 21:25 | Investigar | Bow Saw |
| 21:29 | Construir | House |
| 21:30 | Crear | Villager (Male) |
| 21:40 | Crear | Knight |
| 21:40 | Crear | Knight |
| 21:41 | Crear | Villager (Male) |
| 21:54 | Investigar | Scale Barding Armor |
| 22:00 | Crear | Knight |
| 22:00 | Crear | Knight |
| 22:06 | Crear | Villager (Male) |
| 22:19 | Investigar | Bloodlines |
| 22:20 | Crear | Knight |
| 22:21 | Crear | Knight |
| 22:25 | Construir | Farm |
| 22:37 | Crear | Knight |
| 22:37 | Crear | Knight |
| 22:56 | Crear | Knight |
| 22:56 | Crear | Knight |
| 23:20 | Crear | Villager (Male) |
| 23:20 | Crear | Villager (Male) |
| 23:20 | Crear | Villager (Male) |
| 23:20 | Crear | Villager (Male) |
| 23:32 | Crear | Knight |
| 23:32 | Crear | Knight |
| 24:05 | Investigar | Husbandry |
| 24:06 | Crear | Knight |
| 24:07 | Crear | Knight |
| 24:07 | Crear | Knight |
| 24:15 | Construir | Farm |
| 24:19 | Construir | Farm |
| 24:19 | Construir | Farm |
| 24:19 | Construir | Farm |
| 24:19 | Construir | Farm |
| 24:20 | Construir | Farm |
| 24:20 | Construir | Farm |
| 24:34 | Crear | Villager (Male) |
Build order — MG
Primeras 150 de 185 acciones detectadas
| 0:00 | Crear | Villager (Male) |
| 0:01 | Crear | Villager (Male) |
| 0:01 | Crear | Villager (Male) |
| 0:01 | Crear | Villager (Male) |
| 0:03 | Construir | House |
| 0:05 | Construir | House |
| 1:41 | Crear | Villager (Male) |
| 1:41 | Crear | Villager (Male) |
| 1:45 | Construir | Lumber Camp |
| 1:55 | Crear | Villager (Male) |
| 2:31 | Crear | Villager (Male) |
| 2:57 | Crear | Villager (Male) |
| 3:09 | Crear | Villager (Male) |
| 3:49 | Crear | Villager (Male) |
| 3:51 | Construir | House |
| 4:16 | Crear | Villager (Male) |
| 4:22 | Construir | House |
| 4:48 | Crear | Villager (Male) |
| 5:17 | Crear | Villager (Male) |
| 5:36 | Crear | Villager (Male) |
| 5:37 | Crear | Villager (Male) |
| 5:56 | Construir | Mining Camp |
| 6:21 | Crear | Villager (Male) |
| 6:37 | Construir | Barracks |
| 7:01 | Crear | Villager (Male) |
| 7:02 | Construir | House |
| 7:21 | Crear | Villager (Male) |
| 7:30 | Construir | Mill |
| 7:34 | Crear | Militia |
| 7:34 | Crear | Militia |
| 7:35 | Crear | Militia |
| 7:35 | Crear | Militia |
| 8:11 | Crear | Villager (Male) |
| 8:46 | Crear | Villager (Male) |
| 8:55 | Investigar | Feudal Age |
| 9:16 | Construir | House |
| 9:32 | Crear | Villager (Male) |
| 9:38 | Investigar | Loom |
| 9:45 | Crear | Villager (Male) |
| 10:12 | Crear | Villager (Male) |
| 10:57 | Construir | Farm |
| 10:59 | Construir | Farm |
| 11:00 | Construir | Farm |
| 11:02 | Construir | Farm |
| 11:05 | Edad | Edad Feudal |
| 11:11 | Investigar | Double-Bit Axe |
| 11:15 | Crear | Militia |
| 11:16 | Crear | Militia |
| 11:18 | Crear | Spearman |
| 11:18 | Crear | Spearman |
| 11:42 | Construir | Stable |
| 11:54 | Construir | Palisade Wall |
| 12:00 | Construir | House |
| 12:02 | Construir | House |
| 12:24 | Crear | Villager (Male) |
| 12:33 | Crear | Spearman |
| 12:50 | Construir | House |
| 12:51 | Construir | House |
| 13:07 | Crear | Villager (Male) |
| 13:07 | Crear | Villager (Male) |
| 15:01 | Crear | Villager (Male) |
| 15:02 | Crear | Villager (Male) |
| 15:04 | Construir | Farm |
| 15:06 | Construir | Farm |
| 15:16 | Construir | House |
| 15:18 | Construir | Palisade Wall |
| 15:21 | Construir | Farm |
| 15:29 | Crear | Villager (Male) |
| 15:32 | Construir | Farm |
| 15:52 | Crear | Villager (Male) |
| 16:02 | Investigar | Horse Collar |
| 16:05 | Construir | Farm |
| 16:08 | Construir | Farm |
| 16:20 | Construir | Farm |
| 16:22 | Construir | Farm |
| 16:33 | Construir | Blacksmith |
| 16:35 | Crear | Villager (Male) |
| 16:41 | Investigar | Bloodlines |
| 16:45 | Crear | Scout Cavalry |
| 16:49 | Construir | Farm |
| 17:01 | Construir | Palisade Wall |
| 17:13 | Construir | House |
| 17:18 | Construir | Palisade Wall |
| 17:21 | Construir | Farm |
| 17:21 | Crear | Villager (Male) |
| 17:24 | Construir | House |
| 17:27 | Crear | Villager (Male) |
| 17:55 | Construir | Farm |
| 18:00 | Construir | Farm |
| 18:06 | Construir | Farm |
| 18:10 | Construir | Farm |
| 18:11 | Construir | Farm |
| 18:14 | Crear | Villager (Male) |
| 18:20 | Construir | Market |
| 18:42 | Crear | Villager (Male) |
| 18:53 | Construir | Farm |
| 19:27 | Crear | Villager (Male) |
| 19:34 | Construir | Farm |
| 19:43 | Construir | House |
| 19:49 | Investigar | Castle Age |
| 20:06 | Construir | Archery Range |
| 20:29 | Investigar | Fletching |
| 20:29 | Investigar | Padded Archer Armor |
| 20:57 | Construir | Palisade Gate |
| 21:04 | Construir | Archery Range |
| 21:43 | Construir | Farm |
| 21:44 | Construir | Farm |
| 22:06 | Investigar | Gold Mining |
| 22:19 | Crear | Spearman |
| 22:19 | Crear | Spearman |
| 22:19 | Crear | Spearman |
| 22:25 | Construir | Farm |
| 22:32 | Edad | Edad de los Castillos |
| 22:51 | Investigar | Pikeman (upgrade) |
| 22:59 | Crear | Cavalry Archer |
| 22:59 | Crear | Cavalry Archer |
| 23:01 | Crear | Villager (Male) |
| 23:02 | Crear | Villager (Male) |
| 23:19 | Construir | Town Center |
| 23:46 | Construir | Farm |
| 24:01 | Crear | Spearman |
| 24:01 | Crear | Spearman |
| 24:29 | Crear | Villager (Male) |
| 24:29 | Crear | Villager (Male) |
| 24:47 | Investigar | Bow Saw |
| 25:04 | Investigar | Scale Mail Armor |
| 25:12 | Crear | Spearman |
| 25:12 | Crear | Spearman |
| 25:19 | Crear | Villager (Male) |
| 25:20 | Crear | Villager (Male) |
| 25:42 | Construir | Barracks |
| 25:49 | Crear | Villager (Male) |
| 25:49 | Crear | Villager (Male) |
| 25:52 | Crear | Villager (Male) |
| 26:09 | Crear | Villager (Male) |
| 26:16 | Crear | Spearman |
| 26:16 | Crear | Militia |
| 26:17 | Crear | Militia |
| 26:33 | Crear | Cavalry Archer |
| 26:34 | Crear | Cavalry Archer |
| 26:45 | Crear | Spearman |
| 26:46 | Crear | Spearman |
| 26:50 | Crear | Cavalry Archer |
| 26:50 | Crear | Cavalry Archer |
| 26:56 | Crear | Villager (Male) |
| 26:57 | Crear | Villager (Male) |
| 27:17 | Crear | Villager (Male) |
| 27:18 | Crear | Villager (Male) |
| 27:21 | Crear | Spearman |
| 27:21 | Crear | Spearman |
Cronología de la partida
| 6:37 | MG · first_building Barracks |
| 7:10 | panda · first_building Barracks |
| 9:10 | panda · age_up feudal |
| 9:12 | panda · first_building Stable |
| 11:05 | MG · age_up feudal |
| 11:42 | MG · first_building Stable |
| 11:54 | MG · wall_segment Palisade Wall x12 |
| 15:18 | MG · wall_segment Palisade Wall x7 |
| 16:57 | panda · first_market_sell 100 wood |
| 17:01 | MG · wall_segment Palisade Wall x1 |
| 17:18 | MG · wall_segment Palisade Wall x10 |
| 17:55 | panda · wall_segment Palisade Wall x1 |
| 20:06 | MG · first_building Archery Range |
| 21:12 | panda · age_up castle |
| 22:32 | MG · age_up castle |
| 24:44 | MG · first_market_buy 100 wood |
| 28:47 | panda · first_building Monastery |
| 28:48 | MG · first_building Monastery |
| 30:54 | MG · resign |
[ ANÁLISIS IA · 1 CRÉDITO ]
¿Qué pasó realmente en esta partida?
Wolo.gg analiza cada decisión: build order, eco, micro, errores típicos por bracket. Análisis personalizado por WhatsApp o Discord en 30 segundos.
Guía civ
Magiares
Guía mapa
Arabia
Perfil
Jugador #2885366